 Dungeon Crawl Stone Soup version 0.27-a0-1281-ge233d83751 (webtiles) character file.

Game seed: 11406984997580123172

21 mandarbmax the Insei (level 2, -1/21 HPs)
             Began as a Merfolk Transmuter on June 13, 2021.
             Slain by a goblin (2 damage)
             ... on level 1 of the Dungeon.
             The game lasted 00:01:39 (961 turns).

mandarbmax the Insei (Merfolk Transmuter)            Turns: 961, Time: 00:01:39

Health: -1/21      AC:  2    Str: 10    XL:     2   Next: 87%
Magic:  2/5        EV: 10    Int: 12    God:
Gold:   7          SH:  0    Dex: 14    Spells: 2/5 levels left

rFire    . . .     SeeInvis .     - Unarmed
rCold    . . .     Faith    .   (no shield)
rNeg     . . .     Spirit   .   a - +0 robe
rPois    .         Reflect  .   (helmet currently unavailable)
rElec    .         Harm     .   (no cloak)
rCorr    .         Rampage  .   (no gloves)
Will     .....                  (boots currently unavailable)
Stlth    +.........             (no amulet)
HPRegen  0.07/turn              (no ring)
MPRegen  0.09/turn              (no ring)

@: appendages, wereblooded (expiring), hasted, constricted, very quick
A: horns 2, (nimble swimmer 2), mertail, wild magic 1
a: End Transformation


You were on level 1 of the Dungeon.
You had temporarily grown beastly horns.
You visited 1 branch of the dungeon, and saw 1 of its levels.

You collected 7 gold pieces.

Inventory:

Armour
 a - a +0 robe (worn)
Potions
 d - a potion of heal wounds {unknown}


   Skills:
 - Level 1.1 Fighting
 - Level 3.0 Dodging
 + Level 4.3 Unarmed Combat
 - Level 2.0 Spellcasting
 - Level 2.6 Transmutations


You had 2 spell levels left.
You knew the following spells:

 Your Spells              Type           Power      Damage    Failure   Level
a - Beastly Appendage     Tmut           18%        N/A       13%         1
b - Wereblood             Tmut           9%         N/A       21%         2

Your spell library contained the following spells:

 Spells                   Type           Power      Damage    Failure   Level
 Spider Form              Tmut/Pois      2%         N/A       52%         3
 Ice Form                 Ice/Tmut       5%         N/A       88%         4


Dungeon Overview and Level Annotations

Branches:
Dungeon (1/15)

Altars:

Shops:
D:1 ?


Innate Abilities, Weirdness & Mutations

You have temporarily grown beastly horns.
((You are quick and stealthy near water. (Stealth+, EV+, Speed+++)))
Your lower body shifts to a powerful aquatic tail in water.
Your spells are a little harder to cast, but a little more powerful.


Message History

You are too injured to fight recklessly!
You are too injured to fight recklessly!
You are too injured to fight recklessly!
You are too injured to fight recklessly!
You are too injured to fight recklessly!
You are too injured to fight recklessly!
Unknown command.
You barely miss the ball python.
The ball python is heavily wounded.
The ball python closely misses you. The ball python constricts you.
The rat closely misses you. The goblin closely misses you.
Unknown command.
You barely miss the ball python.
The ball python is heavily wounded.
The ball python bites you but does no damage.
The ball python constricts you. The rat misses you.
You hit the ball python but do no damage.
The ball python is heavily wounded.
The goblin hits you with a +0 dagger. The ball python bites you.
* * * LOW HITPOINT WARNING * * *
The ball python constricts you.
Casting: Wereblood (safe; 14% risk of failure)
Confirm with . or Enter, or press ? or * to list all spells.
You grow a pair of large bovine horns.
The ball python bites you.
* * * LOW HITPOINT WARNING * * *
x2 The ball python constricts you.
The rat closely misses you. The goblin closely misses you.
Unknown command.
It was a potion of mutation.
You feel extremely strange.
You feel less in control of your magic.
Your primal bloodlust is almost over.
The ball python bites you.
* * * LOW HITPOINT WARNING * * *
The ball python constricts you. The rat bites you but does no damage.
The goblin hits you with a +0 dagger.
* * * LOW HITPOINT WARNING * * *
The ball python closely misses you. The ball python constricts you.
It was a potion of haste.
You feel yourself speed up. The rat bites you but does no damage.
The goblin hits you with a +0 dagger.
You die...

#..........####..B#......#...
#.............#...#......#...
#######....#...#......##..
#....+...††.....##..
#....##.##...w..##.. ##....##
#......##.. +.....#
###h#####.. ##....##.# #..#
#.. #..@....# ###.#####.
#.Sgr#### #......#.. #......
#......#.. #........
#......#..
..........#......#..
...........#......#..
............#......##+
#............#.......#.
#.......#'


You could see a goblin, a ball python and a rat.

Vanquished Creatures
  2 dart slugs (D:1)
  2 ball pythons (D:1)
  A giant cockroach (D:1)
  2 hobgoblins (D:1)
  2 jackals (D:1)
  A quokka (D:1)
  2 bats (D:1)
  2 frilled lizards (D:1)
  2 kobolds (D:1)
16 creatures vanquished.

Notes
Turn   | Place    | Note
-------+----------+-------------------------------------------
     0 | D:1      | mandarbmax the Merfolk Transmuter began the quest for the
                  | Orb.
     0 | D:1      | Reached XP level 1. HP: 15/15 MP: 3/3
   521 | D:1      | Reached XP level 2. HP: 12/21 MP: 3/5
   525 | D:1      | Learned a level 2 spell: Wereblood
   597 | D:1      | Reached skill level 4 in Unarmed Combat
   635 | D:1      | Found a faded altar of an unknown god.
   811 | D:1      | Found Riothros's Magic Scroll Emporium.
   960 | D:1      | Gained mutation: Your spells are a little harder to cast,
                  | but a little more powerful. [potion of mutation]
   960 | D:1      | HP: 1/21 [goblin (1)]
   961 | D:1      | Slain by a goblin

Illustrated notes

Levels and vault maps discovered:
D:1:      dpeg_arrival_orchard, layout_basic, basic_ecumenical_altar,
          serial_shops, shop, serial_bayou_lagoon_a

Skill      XL: |  1  2 |
---------------+-------+-----
Dodging        | 3 |  3.0
Unarmed Combat | 4 |  4.3
Fighting       | |  1.1
Spellcasting   | |  2.0
Transmutations | |  2.6

Action                   || total
-------------------------++-------
Melee: Unarmed           ||    58
       Headbutt          ||     7
 Cast: Beastly Appendage ||    17
       Wereblood         ||     5
  Use: Scroll            ||     2
       Potion            ||     2
Armor: Robe              ||    16
Dodge: Dodged            ||    49

Table legend: (Time is in decaauts)
 A = Elapsed time spent in this place.
 B = Non-inter-level travel time spent in this place.
 C = Inter-level travel time spent in this place.
 D = Time resting spent in this place.
 E = Time spent auto-exploring this place.
 F = Levels seen in this place.
 G = Mean time per level.
                   A        B        C        D        E       F      G
               +--------+--------+--------+--------+--------+-----+--------+
         Total |    954 |    954 |      0 |    291 |    529 |   1 |  954.0 |
       Dungeon |    954 |    954 |      0 |    291 |    529 |   1 |  954.0 |
               +--------+--------+--------+--------+--------+-----+--------+

Top non-repeatable levels by time:
     D:1: 954 daAuts
